 Dungeon Crawl Stone Soup version 0.31-a0-1074-g0b22e4e0f1 (webtiles) character file.

Game seed: 14552704704299650242

347 grandjackal the Ruffian (level 6, -2/52 HPs)
             Began as a Draconian Shapeshifter on Dec 2, 2023.
             Slain by an orc priest
             ... wielding a +0 hand axe
              (4 damage)
             ... on level 4 of the Dungeon.
             The game lasted 00:03:08 (2526 turns).

grandjackal the Ruffian (Draconian Shapeshifter)    Turns: 2526, Time: 00:03:08

Health: -2/52      AC: 10    Str: 19    XL:     6   Next: 32%
Magic:  6/6        EV: 12    Int: 10    God:
Gold:   176        SH:  0    Dex: 10    Spells: 5/5 levels left

rFire   . .          .
                       - Unarmed
rCold   . . .        (no shield)
rNeg    . . .        (body armour unavailable)
rPois   .            (helmet currently unavailable)
rElec   .            (cloak currently unavailable)
rCorr   .            (gloves currently unavailable)
SInv    .            (boots currently unavailable)
Will    .....        (no amulet) Stlth
                     i - ring of Intercession {+Blink Fly AC+4 Stlth-}
HPRegen 0.28/turn    (no ring)
MPRegen 0.10/turn

%: no passive effects
@: beast-form, flying
A: beast (slay +2), AC +6, unfitting armour, cold-blooded
a: Begin Untransformation, Evoke Blink


You were on level 4 of the Dungeon.
You were a hulking beast.
You visited 1 branch of the dungeon, and saw 4 of its levels.

You collected 176 gold pieces.

Inventory:

Jewellery
 i - the ring of Intercession (left hand) {+Blink Fly AC+4 Stlth-}
   (You found it on level 3 of the Dungeon)

   [ring of protection]

   AC+4:      It affects your AC (+4).
   Fly:       It grants you flight.
   +Blink:    It lets you blink.
   Stlth-:    It makes you less stealthy.
Talismans
 b - a beast talisman (active)
 c - a flux talisman
Wands
 p - a wand of paralysis (9)
Scrolls
 d - 5 scrolls of identify {unknown}
 f - a scroll of vulnerability {unknown}
 m - a scroll of brand weapon {unknown}
 n - a scroll of teleportation {unknown}
Potions
 a - a potion of lignification
 e - 2 potions of heal wounds {unknown}
 g - a potion of might {unknown}
 h - a potion of magic {unknown}
 j - a potion of curing {unknown}
 k - a potion of enlightenment {unknown}
 l - a potion of mutation {unknown}
 o - 2 potions of degeneration {unknown}
 q - a potion of attraction {unknown}


   Skills:
 + Level 4.1 Fighting
 - Level 2.0 Dodging
 + Level 4.7 Unarmed Combat
 + Level 4.4 Shapeshifting


You had 5 spell levels left.
You didn't know any spells.
Your spell library was empty.

Dungeon Overview and Level Annotations

Branches:
Dungeon (4/15)
 Temple: D:4-7

Altars:
Kikubaaqudgha
Vehumet

Shops:
D:1 (


Innate Abilities, Weirdness & Mutations

You are a hulking beast.
Your limbs bulge with bestial killing power. (Slay +2)
Your plain brown scales are hard. (AC +6)
You cannot fit into any form of body armour.
You are cold-blooded and may be slowed by cold attacks.


Message History

The giant cockroach bites you but does no damage.
You barely miss the orc priest. You tail-slap the orc priest.
The orc priest is moderately wounded.
The orc hits you but does no damage. Something hits you.
The orc priest hits you but does no damage.
The giant cockroach misses you.
You hit the orc priest but do no damage.
The orc priest is moderately wounded.
The orc hits you from afar with a +0 trident.
Something hits you but does no damage. The orc priest closely misses you.
The giant cockroach misses you.
You hit the orc priest but do no damage.
The orc priest is moderately wounded.
The orc priest mumbles some strange prayers to Beogh against you.
Beogh smites you!
* * * LOW HITPOINT WARNING * * *
The orc hits you but does no damage.
You hear some strange, mumbled words.
A puff of flame appears from out of thin air!
The puff of flame hits you.
* * * LOW HITPOINT WARNING * * *
The giant cockroach barely misses you.
You hit the orc priest but do no damage.
The orc priest is moderately wounded.
The giant cockroach bites you but does no damage.
The orc hits you from afar with a +0 trident.
* * * LOW HITPOINT WARNING * * *
You hear some strange, mumbled words.
A puff of flame appears from out of thin air!
The puff of flame hits you!
* * * LOW HITPOINT WARNING * * *
The orc priest barely misses you.
You hit the orc priest.
Your tail-slap misses the orc priest.
The orc priest is heavily wounded.
The giant cockroach closely misses you.
The orc hits you from afar with a +0 trident.
* * * LOW HITPOINT WARNING * * *
Something hits you but does no damage.
The orc priest hits you with a +0 hand axe.
You die...

#..# ...# #.....# ....
#.)......#......###...##
#...##..................
##..# ................
#..###..................
...# #............o.....
..####.......#.o{.......
....#........##.hB#
#............#....#
#...........#....#
##<..........#...####
#.......................
..##...##.......##.##...
...#...####..#..#.......
.....#.####.##.#........
...###....#.##.#.......


You could see an orc priest, an orc and a giant cockroach.

Vanquished Creatures
  A sky beast (D:4)
  An ogre (D:4)
  An orc priest (D:3)
  Robin (D:3)
  5 adders
  A worm (D:2)
  A dart slug (D:2)
  4 orcs
  9 ball pythons
  8 endoplasms
  A giant cockroach (D:3)
  12 goblins
  8 hobgoblins
  6 jackals (D:1)
  4 kobolds
  2 quokkas
  6 bats
  2 frilled lizards (D:2)
  8 rats
81 creatures vanquished.

Notes
Turn   | Place    | Note
-------+----------+-------------------------------------------
     0 | D:1      | grandjackal the Draconian Shapeshifter began the quest for
                  | the Orb.
     0 | D:1      | Reached XP level 1. HP: 16/16 MP: 1/1
     6 | D:1      | Noticed a lindwurm
     6 | D:1      | Noticed a rime drake
     6 | D:1      | Noticed a black bear
     6 | D:1      | Noticed a wolf
   119 | D:1      | Reached XP level 2. HP: 14/23 MP: 2/2
   459 | D:1      | Found Sujin's Weapon Emporium.
   547 | D:2      | Reached XP level 3. HP: 29/29 MP: 3/3
  1161 | D:2      | Found a radiant altar of Vehumet.
  1333 | D:3      | Reached XP level 4. HP: 37/37 MP: 4/4
  1339 | D:3      | Identified the ring of Intercession {+Blink Fly AC+4
                  | Stlth-}
  1633 | D:3      | Found a faded altar of an unknown god.
  1797 | D:3      | Noticed Robin
  1813 | D:3      | Reached XP level 5. HP: 32/45 MP: 5/5
  1834 | D:3      | Killed Robin
  2011 | D:3      | Found an ancient bone altar of Kikubaaqudgha.
  2172 | D:4      | Noticed an ogre
  2182 | D:4      | Killed an ogre
  2324 | D:4      | Noticed a sky beast
  2339 | D:4      | Killed a sky beast
  2340 | D:4      | Reached XP level 6. HP: 26/52 MP: 6/6
  2526 | D:4      | HP: 2/52 [orc/+0 trident (2)]
  2526 | D:4      | Slain by an orc priest

Illustrated notes

Levels and vault maps discovered:
D:1:      onia_arrival_zoo_common, layout_rooms, serial_shops,
          nicolae_shop_tiny_glass, item_on_display_a
D:2:      layout_basic, basic_altar
D:3:      layout_rooms, mainiacjoe_overflow_alcove_2,
          nicolae_ecumenical_lake_church, uniq_robin
D:4:      layout_cave_pools, palyth_stone_intersect, minmay_surrounded,
          uniq_blork_the_orc, uniq_crazy_yiuf_cottage, uniq_menkaure

Skill      XL: |  1  2  3  4  5 |
---------------+----------------+-----
Dodging        | 2 |  2.0
Fighting       | 2 3 4 |  4.1
Unarmed Combat | 4 |  4.7
Shapeshifting  | 4 |  4.4

Action                     |  1- 3 |  4- 6 || total
---------------------------+-------+-------++-------
  Melee: Unarmed           |   131 |   117 ||   248
         Tailslap          |     6 |    14 ||    20
         Punch             |     1 |       ||     1
   Stab: Sleeping          |     1 |       ||     1
 Armour: Skin              |    66 |    78 ||   144
  Dodge: Dodged            |    85 |    64 ||   149
   Form: Flux              |       |     1 ||     1
         Beast             |       |     1 ||     1

Table legend: (Time is in decaauts)
 A = Elapsed time spent in this place.
 B = Non-inter-level travel time spent in this place.
 C = Inter-level travel time spent in this place.
 D = Time resting spent in this place.
 E = Time spent auto-exploring this place.
 F = Levels seen in this place.
 G = Mean time per level.
                   A        B        C        D        E       F      G
               +--------+--------+--------+--------+--------+-----+--------+
         Total |   2509 |   2433 |     76 |    478 |   1436 |   4 |  627.2 |
       Dungeon |   2509 |   2433 |     76 |    478 |   1436 |   4 |  627.2 |
               +--------+--------+--------+--------+--------+-----+--------+

Top non-repeatable levels by time:
     D:2: 874 daAuts
     D:3: 748 daAuts
     D:1: 536 daAuts
     D:4: 350 daAuts
